 Dungeon Crawl Stone Soup version 0.32-a0-931-g5a2cda0630 (webtiles) character file.

Game seed: 2702761679956416872

2361 funkygono the Thaumaturge (level 9, 0/45 HPs)
             Began as a Deep Elf Fire Elementalist on Apr 13, 2024.
             Was an Initiate of Vehumet.
             Killed by divine providence
             ... invoked by an orc priest
              (11 damage)
             ... on level 7 of the Dungeon.
             The game lasted 00:11:39 (7126 turns).

funkygono the Thaumaturge (DEFE)                    Turns: 7126, Time: 00:11:40

Health: 0/45       AC:  5    Str:  5    XL:     9   Next: 21%
Magic:  16/25      EV: 11    Int: 25    God:    Vehumet [......]
Gold:   233        SH:  0    Dex: 15    Spells: 21/29 levels left

rFire   . . .        l - +6 quarterstaff (chaos)
rCold   . . .        (shield currently unavailable)
rNeg    . . .        a - +0 robe
rPois   .            n - +0 helmet
rElec   .            m - +0 cloak
rCorr   .            g - +0 pair of gloves
SInv    .            (no boots)
Will    .....        (no amulet)
Stlth   +++          (no ring)
HPRegen 0.27/turn    (no ring)
MPRegen 0.19/turn

%: no passive effects
@: lethally poisoned (0 -> -2), marked, slowed, very slow
A: no striking features
a: Renounce Religion


You were on level 7 of the Dungeon.
You worshipped Vehumet.
Vehumet was noncommittal.
You visited 2 branches of the dungeon, and saw 8 of its levels.
You also visited: Ossuary.

You collected 233 gold pieces.

Inventory:

Hand Weapons
 d - a +1 short sword
 l - a +6 quarterstaff of chaos (weapon)
Armour
 a - a +0 robe (worn)
 g - a +0 pair of gloves (worn)
 m - a +0 cloak (worn)
 n - a +0 helmet (worn)
Magical Staves
 B - a staff of cold
Wands
 k - a wand of flame (6)
 p - a wand of paralysis (5)
Scrolls
 h - a scroll of amnesia
 j - a scroll of immolation
 r - a scroll of fog
 t - a scroll of poison
 u - a scroll of teleportation
Potions
 b - a potion of magic
 c - a potion of mutation {unknown}
 e - a potion of might
 f - 4 potions of heal wounds
 i - 3 potions of lignification
 o - 3 potions of curing
 q - a potion of attraction {unknown}
 w - a potion of cancellation {unknown}
 z - a potion of ambrosia {unknown}


   Skills:
 + Level 0.2 Fighting
 + Level 1.9 Staves
 + Level 2.5 Dodging
 + Level 3.7 Stealth
 + Level 10.6 Spellcasting
 + Level 5.4 Conjurations
 + Level 8.8 Fire Magic


You had 21 spell levels left.
You knew the following spells:

 Your Spells              Type           Power      Damage    Failure   Level
a - Foxfire               Conj/Fire      100%       2x1d9     1%          1
b - Scorch                Fire           100%       2d9       1%          2
c - Flame Wave            Conj/Fire      49%        2d12      2%          4
d - Necrotise             Necr           52%        1d6       4%          1

Your spell library contained the following spells:

 Spells                   Type           Power      Damage    Failure   Level
 Sting                    Conj/Alch      100%       1d9       1%          1
 Inner Flame              Hex/Fire       35%        N/A       2%          3
 Volatile Blastmotes      Fire/Tloc      70%        2d15      2%          3
 Apportation              Tloc           26%        N/A       4%          1
 Summon Small Mammal      Summ           52%        N/A       4%          1
 Jinxbite                 Hex            26%        N/A       7%          2
 Irradiate                Conj/Alch      13%        3d16      38%         5
 Yara's Violent Unravell  Hex/Alch       6%         3d5       77%         5
 Enfeeble                 Hex            6%         N/A       100%        7
 Ignition                 Fire           27%        3d9       100%        8
 Chain Lightning          Conj/Air       13%        3d17      100%        9
 Fire Storm               Conj/Fire      24%        8d6       100%        9
 Shatter                  Erth           6%         3d9*      100%        9


Dungeon Overview and Level Annotations

Branches:
Dungeon (7/15)             Temple (1/1) D:6         Ossuary (visited)

Altars:
Ashenzari
Dithmenos
Elyvilon
Fedhas
Hepliaklqana
Kikubaaqudgha
Makhleb
Nemelex Xobeh
Okawaru
Qazlal
Ru
Sif Muna
Vehumet
Wu Jian
Xom
Yredelemnul
Zin
The Shining One

Annotations:
D:6 3 runed translucent doors, Autsider's ghost, novice MfIE; Autsider's ghost, novice NaAl


Message History

Casting: Foxfire (safe; 1% risk of failure)
Confirm with . or Enter, or press ? or * to list all spells.
You conjure some foxfire!
Casting: Foxfire (safe; 1% risk of failure)
Confirm with . or Enter, or press ? or * to list all spells.
Flames lash the kobold.
You kill the kobold!
Vehumet accepts your kill.
The foxfire hits the kobold brigand.
The kobold brigand is severely wounded.
The foxfire hits the kobold brigand.
The kobold brigand is almost dead.
The kobold brigand throws a curare-tipped dart.
The curare-tipped dart hits you.
You are poisoned.
You have difficulty breathing.
You feel yourself slow down.
An orc priest comes into view. It is wielding a +0 trident.
You feel very sick.
The kobold brigand hits you with a +0 whip. x2
The orc priest begins to cast a cantrip, but forgets the words!
An orc wizard comes into view.
It is wielding a +0 dagger and wearing a +0 robe of positive energy.
You miss the kobold brigand.
The kobold brigand is almost dead.
You feel very sick.
The kobold brigand hits you with a +0 whip!
You sock the kobold brigand!
You kill the kobold brigand!
Vehumet accepts your kill.
You feel very sick. The kobold hits you with a +0 club.
* * * LOW HITPOINT WARNING * * *
The orc wizard mumbles some strange words.
The orc wizard flickers and vanishes!
Deactivating autopickup; reactivate with Ctrl-A.
A black bear comes into view.
Okay, then.
You feel sick.
The orc priest invokes the aid of Beogh against you.
Beogh smites you!
You die...

#.# #.#
#######.##
.........##
#####.....#
#....##
#.#.##
#.#.######.#
#..@KKo{h..#
###.########
#.# #.# #.#
#.. #.# #.#
...


You could see a black bear, an orc priest and 2 kobolds.

Vanquished Creatures
  Pikel (D:5)
  An orc warrior (D:7)
  An ogre (D:4)
  A phantom (D:7)
  A kobold brigand (D:7)
  A lemure (D:5)
  3 bullfrogs (D:6)
  7 scorpions
  A howler monkey (D:5)
  A hound (D:5)
  A bombardier beetle (D:5)
  3 jellies
  4 orc priests
  A sleepcap (D:6)
  Crazy Yiuf (D:2)
  3 iguanas
  5 scorpion zombies (Ossuary)
  6 orc wizards
  3 mummies (Ossuary)
  11 adders
  A river rat (D:6)
  A white imp (D:6)
  6 ufetubi
  An adder zombie (Ossuary)
  3 dart slugs (D:2)
  3 ribbon worms
  12 orcs
  7 bats
  9 endoplasms
  2 giant cockroaches
  8 goblins
  3 hobgoblins
  3 quokkas
  6 ball pythons
  5 frilled lizards
  3 gnoll zombies (Ossuary)
  6 jackal zombies
  8 kobolds
  3 kobold zombies (Ossuary)
  4 rats (D:1)
  A rat zombie (D:6)
151 creatures vanquished.

Vanquished Creatures (collateral kills)
  4 foxfires (D:6)
4 creatures vanquished.

Vanquished Creatures (others)
  450 foxfires
450 creatures vanquished.

Grand Total: 605 creatures vanquished

Notes
Turn   | Place    | Note
-------+----------+-------------------------------------------
     0 | D:1      | funkygono the Deep Elf Fire Elementalist began the quest
                  | for the Orb.
     0 | D:1      | Reached XP level 1. HP: 10/10 MP: 6/6
   491 | D:1      | Reached XP level 2. HP: 15/15 MP: 5/8
   523 | D:1      | Learned a level 2 spell: Scorch
  1171 | D:1      | Reached XP level 3. HP: 19/19 MP: 7/10
  1386 | D:2      | Reached skill level 4 in Spellcasting
  1573 | D:2      | Found a faded altar of an unknown god.
  1719 | D:2      | Reached XP level 4. HP: 24/24 MP: 8/12
  1761 | D:2      | Learned a level 4 spell: Flame Wave
  2314 | D:2      | Found a runed translucent door.
  2315 | D:2      | Noticed Crazy Yiuf
  2587 | D:2      | Killed Crazy Yiuf
  2588 | D:2      | Reached skill level 5 in Spellcasting
  2912 | D:3      | Found a shadowy altar of Dithmenos.
  3118 | D:3      | Reached XP level 5. HP: 28/28 MP: 11/15
  3430 | D:4      | Found a glowing silver altar of Zin.
  3485 | D:4      | Noticed an ogre
  3492 | D:4      | Killed an ogre
  3493 | D:4      | Reached skill level 6 in Spellcasting
  3545 | D:4      | Reached skill level 5 in Fire Magic
  3685 | D:4      | Found an iron altar of Okawaru.
  3705 | D:4      | Reached XP level 6. HP: 32/32 MP: 14/17
  4330 | D:5      | Entered Level 5 of the Dungeon
  4424 | D:5      | Reached skill level 7 in Spellcasting
  4613 | D:5      | Reached XP level 7. HP: 36/36 MP: 14/19
  4683 | D:5      | Noticed Pikel
  4689 | D:5      | Killed Pikel
  4690 | D:5      | Reached skill level 8 in Spellcasting
  4690 | D:5      | Reached XP level 8. HP: 41/41 MP: 6/22
  5495 | D:6      | Reached skill level 9 in Spellcasting
  5525 | D:6      | Found a staircase to the Ecumenical Temple.
  5541 | D:6      | Found a sand-covered staircase.
  5554 | Ossuary  | Entered an ossuary
  6029 | Ossuary  | Reached skill level 1 in Staves
  6139 | D:6      | Reached skill level 5 in Conjurations
  6142 | D:6      | Reached skill level 10 in Spellcasting
  6318 | D:6      | Found a runed translucent gate.
  6318 | D:6      | Found a runed translucent gate.
  6319 | D:6      | Found a runed translucent gate.
  6320 | D:6      | Noticed Autsider's ghost (novice NaAl)
  6320 | D:6      | Noticed Autsider's ghost (novice MfIE)
  6481 | D:6      | Reached XP level 9. HP: 45/45 MP: 19/25
  6669 | Temple   | Entered the Ecumenical Temple
  6742 | Temple   | Became a worshipper of Vehumet
  6808 | D:6      | Learned a level 1 spell: Necrotise
  7064 | D:7      | Found a burning altar of Makhleb.
  7064 | D:7      | Noticed a green death
  7126 | D:7      | Killed from afar by an orc priest

Illustrated notes

Levels and vault maps discovered:
D:1:      minmay_arrival_glassed_features, layout_basic, minivault_27,
          minmay_door_square
D:2:      layout_loops_ring, ebering_ecumenical_altar_hall,
          uniq_crazy_yiuf_cottage
D:3:      layout_loops_ring, mainiacjoe_overflow_surrounded_room
D:4:      wad_pebble_path, layout_basic, mainiacjoe_overflow_chevrons,
          zin_treasury
D:5:      layout_loops_ring, serial_park_tiny_1, uniq_pikel
D:6:      layout_rooms, minmay_temple_entry_overgrown, gammafunk_ghost_cemetery,
          enter_ossuary_3, cheibrodos_sewer_entry_sluice,
          hangedman_decor_slide_cut
D:7:      layout_loops_corners, cheibriados_altar_1,
          mainiacjoe_overflow_tiny_flanked, makhleb_altar_promises_db,
          enter_bailey_8
Temple:   jpeg_temple_clearing

Skill      XL: |  1  2  3  4  5  6  7  8 |
---------------+-------------------------+-----
Fire Magic     | 4 5 6 8 |  8.8
Spellcasting   | 4 5 6 7 8 10 | 10.6
Conjurations   | 3 4 5 |  5.4
Stealth        | 3 |  3.7
Staves         | 1 |  1.9
Fighting       | |  0.2
Dodging        | |  2.5

Action                     |  1- 3 |  4- 6 |  7- 9 || total
---------------------------+-------+-------+-------++-------
  Melee: Quarterstaff      |       |       |    14 ||    14
   Cast: Foxfire           |    46 |    77 |   142 ||   265
         Scorch            |    13 |    18 |    39 ||    70
         Flame Wave        |       |       |     1 ||     1
    Use: Scroll            |     4 |     5 |     9 ||    18
 Armour: Robe              |     1 |     3 |    42 ||    46
  Dodge: Dodged            |     4 |     2 |    27 ||    33

Table legend: (Time is in decaauts)
 A = Elapsed time spent in this place.
 B = Non-inter-level travel time spent in this place.
 C = Inter-level travel time spent in this place.
 D = Time resting spent in this place.
 E = Time spent auto-exploring this place.
 F = Levels seen in this place.
 G = Mean time per level.
                   A        B        C        D        E       F      G
               +--------+--------+--------+--------+--------+-----+--------+
         Total |   7130 |   6865 |    265 |    169 |   5727 |   9 |  792.2 |
       Dungeon |   6475 |   6282 |    193 |    169 |   5286 |   7 |  925.0 |
        Temple |     91 |     20 |     71 |      0 |      0 |   1 |   91.0 |
       Ossuary |    563 |    563 |      0 |      0 |    441 |   1 |  563.0 |
               +--------+--------+--------+--------+--------+-----+--------+

Top non-repeatable levels by time:
     D:1: 1379 daAuts
     D:2: 1261 daAuts
     D:5: 1115 daAuts
     D:4: 924 daAuts
     D:3: 762 daAuts
     D:6: 731 daAuts
 Ossuary: 563 daAuts
     D:7: 299 daAuts
  Temple: 91 daAuts
